 Dungeon Crawl Stone Soup version 0.25-a0-737-g26c3a87c45 (webtiles) character file.

Game seed: 6540897630444852070, levelgen mode: deterministic

49 Esekla the Slasher (level 3, -3/29 HPs)
             Began as a Barachi Warper on Apr 11, 2020.
             Slain by a worm (7 damage)
             ... on level 2 of the Dungeon.
             The game lasted 00:07:24 (2068 turns).

Esekla the Slasher (Barachi Warper)                 Turns: 2068, Time: 00:07:24

Health: -3/29      AC:  3    Str: 12    XL:     3   Next: 77%
Magic:  6/6        EV: 12    Int: 13    God:
Gold:   64         SH:  0    Dex: 12    Spells: 2/6 levels left

rFire    . . .     SeeInvis .   a - +0 falchion
rCold    . . .     Gourm    .   (no shield)
rNeg     . . .     Faith    .   b - +0 leather armour
rPois    .         Spirit   .   (no helmet)
rElec    .         Reflect  .   (no cloak)
rCorr    .         Harm     .   (no gloves)
MR       .....                  (no boots)
Stlth    +.........             (no amulet)
HPRegen  0.09/turn              (no ring)
MPRegen  0.10/turn              (no ring)

@: slow
A: +LOS, swims, slowness 1, strong legs 1
a: Hop


You were on level 2 of the Dungeon.
You were very hungry.

You visited 1 branch of the dungeon, and saw 2 of its levels.

You collected 64 gold pieces.

Inventory:

Hand Weapons
 a - a +0 falchion (weapon)
Missiles
 e - 5 boomerangs of dispersal (quivered)
Armour
 b - a +0 leather armour (worn)
Scrolls
 c - 2 scrolls of identify {unknown}
 d - a scroll of blinking
 g - a scroll of enchant weapon {unknown}
 h - a scroll of remove curse {unknown}
 k - a scroll of amnesia {unknown}
 m - a scroll of noise {unknown}
Potions
 i - a potion of curing {unknown}
 j - a potion of invisibility {unknown}
 l - 2 potions of lignification {unknown}
Comestibles
 f - 3 rations


   Skills:
 * Level 3.2 Fighting
 * Level 3.6 Long Blades
 + Level 1.0 Throwing
 + Level 1.9 Armour
 + Level 2.2 Dodging
 + Level 2.4 Spellcasting
 * Level 0.3 Charms
 + Level 3.2 Translocations


You had 2 spell levels left.
You knew the following spells:

 Your Spells              Type           Power        Failure   Level  Hunger
a - Shroud of Golubria    Chrm/Tloc      #.....       22%         2    ###....
b - Blink                 Tloc           N/A          12%         2    ###....

Your spell library contained the following spells:

 Spells                   Type           Power        Failure   Level  Hunger
 Gell's Gravitas          Tloc           ##........   24%         3    ###....
 Lesser Beckoning         Tloc           ##........   24%         3    ###....
 Teleport Other           Tloc           ##......     24%         3    ###....
 Passage of Golubria      Tloc           N/A          63%         4    #####..


Dungeon Overview and Level Annotations

Branches:
Dungeon (2/15)

Altars:


Innate Abilities, Weirdness & Mutations

You can be seen from farther away. (+LOS)
You can swim through water.
You cover ground slowly.
You can hop short distances.


Message History

The worm is severely wounded.
The worm bites you.
You hit the worm.
The worm is severely wounded.
You barely miss the worm.
The worm is severely wounded.
The worm bites you!
You hit the worm.
The worm is almost dead.
The worm bites you!
You hit the worm.
The worm is almost dead.
You hit the worm but do no damage.
The worm is almost dead.
The worm bites you.
* * * LOW HITPOINT WARNING * * *
You hit the worm but do no damage.
The worm is almost dead.
The worm bites you!
You die...

...##.##..... #
...##..# ###. .###
.#.###..# ##...
........### ...
##.###....####.#
#<###.........#
##...####.....###
####.#......#...####
..##.#.####..##.@w[#
.......#
##..####.......
###.^### ##.# ######
###### ### )..# ##.#


You could see a worm.

Vanquished Creatures
  5 dart slugs
  A leopard gecko (D:1)
  A giant cockroach (D:2)
  10 goblins
  6 hobgoblins
  2 jackals (D:1)
  5 bats
  2 frilled lizards (D:1)
  A kobold (D:1)
  2 rats (D:1)
35 creatures vanquished.

Notes
Turn   | Place    | Note
-------+----------+-------------------------------------------
     0 | D:1      | Esekla the Barachi Warper began the quest for the Orb.
     0 | D:1      | Reached XP level 1. HP: 17/17 MP: 3/3
   148 | D:2      | Reached XP level 2. HP: 8/23 MP: 5/5
   385 | D:1      | Reached XP level 3. HP: 4/29 MP: 6/6
   407 | D:1      | Learned a level 2 spell: Shroud of Golubria
   492 | D:1      | Learned a level 2 spell: Blink
  2068 | D:2      | Slain by a worm

Levels and vault maps discovered:
D:1:      wheals_arrival_linesprint, layout_loops_ring
D:2:      layout_rooms, kennysheep_generic_room_16, uniq_robin

Skill      XL: |  1  2 |
---------------+-------+-----
Long Blades    | 3 |  3.6
Fighting       | 3 |  3.2
Throwing       | |  1.0
Armour         | |  1.9
Dodging        | |  2.2
Spellcasting   | |  2.4
Charms         | |  0.3
Translocations | |  3.2

Action                   || total
-------------------------++-------
Melee: Falchion          ||   137
 Cast: Shroud of Golubri ||     2
  Eat: Ration            ||     1
Armor: Leather armour    ||    54
Dodge: Dodged            ||    96
       Rpst.: Falchion   ||    33

Table legend:
 A = Non-vault XP
 B = Vault XP
 C = Vault XP percentage of total XP
 D = Non-vault monster count
 E = Vault monster count
 F = Vault count percentage of total count
                 A         B        C        D         E       F
            +---------+---------+-------+---------+---------+-------
      Total |      61 |      10 |  14.1 |      29 |       6 |  17.1
            +---------+---------+-------+---------+---------+-------
        D:1 |      44 |       2 |   4.3 |      22 |       1 |   4.3
        D:2 |      17 |       8 |  32.0 |       7 |       5 |  41.7
            +---------+---------+-------+---------+---------+-------
